 Dungeon Crawl Stone Soup version 0.29.1-2-gbd0b4ee654 (webtiles) character file.

Game seed: 16803520432324603291

307 KittyFluff the Cudgeller (level 6, -1/39 HPs)
             Began as a Gargoyle Berserker on Oct 28, 2022.
             Was a Believer of Trog.
             Slain by a river rat (8 damage)
             ... on level 3 of the Dungeon.
             The game lasted 00:08:29 (2633 turns).

KittyFluff the Cudgeller (Gargoyle Berserker)       Turns: 2633, Time: 00:08:30

Health: -1/39      AC:  6    Str: 20    XL:     6   Next: 40%
Magic:  6/6        EV: 12    Int:  8    God:    Trog [**....]
Gold:   79         SH:  0    Dex: 11    Spells: 5/5 levels left

rFire   . . .      SeeInvis .   p - +0 quarterstaff
rCold   . . .      Faith    .   (shield currently unavailable)
rNeg    + . .      Spirit   .   b - +0 animal skin
rPois   ∞          Reflect  .   (no helmet)
rElec   +          Harm     .   (no cloak)
rCorr   .          Rampage  .   (no gloves)
Will    .....                   (no boots)
Stlth   +.........              (no amulet)
HPRegen 0.13/turn               (no ring)
MPRegen 0.10/turn               (no ring)

@: on berserk cooldown, slowed, very slow
A: sickness immunity, AC +4, negative energy resistance 1, electricity
resistance, torment resistance 1, petrification resistance
a: Renounce Religion, Berserk, Trog's Hand


You were on level 3 of the Dungeon.
You worshipped Trog.
Trog was pleased with you.
You visited 1 branch of the dungeon, and saw 4 of its levels.

You collected 79 gold pieces.

Inventory:

Hand Weapons
 a - a +0 mace
 p - a +0 quarterstaff (weapon)
Missiles
 n - 5 atropa-tipped darts (quivered)
 o - 2 poisoned darts
Armour
 b - a +0 animal skin (worn)
 f - an orb of mayhem
 h - a +0 leather armour
Jewellery
 c - a ring of protection from cold
Wands
 m - a wand of flame (20)
Scrolls
 d - a scroll of fear {unknown}
 e - 3 scrolls of identify
 i - 2 scrolls of teleportation {unknown}
 j - a scroll of poison {unknown}
 k - a scroll of amnesia {unknown}
 q - a scroll of enchant weapon {unknown}
Potions
 g - 2 potions of cancellation
 l - a potion of might {unknown}
 r - a potion of curing {unknown}


   Skills:
 + Level 4.4 Fighting
 + Level 4.9 Maces & Flails
 * Level 0.8(3.1) Staves
 + Level 3.5 Armour
 + Level 2.6 Dodging
 + Level 1.0 Stealth


You had 5 spell levels left.
You didn't know any spells.
Your spell library was empty.

Dungeon Overview and Level Annotations

Branches:
Dungeon (4/15)             Temple (0/1) D:4

Altars:
Gozag
Okawaru

Annotations:
D:1 2 transporters


Innate Abilities, Weirdness & Mutations

You are immune to sickness and miasma.
Your stone body is resilient. (AC +4)
You are immune to poison.
You resist negative energy. (rN+)
You are resistant to electric shocks. (rElec)
You are resistant to unholy torment.
You are immune to petrification.


Message History

The river rat barely misses you.
You closely miss the river rat. The river rat bites you.
You closely miss the river rat. The river rat closely misses you.
The river rat barely misses you.
You sock the river rat!
The river rat is almost dead.
The river rat closely misses you.
You barely miss the river rat.
The river rat is almost dead.
The river rat bites you but does no damage.
Your unstable footing causes you to fumble your attack.
The river rat bites you.
* * * LOW HITPOINT WARNING * * *
A red film seems to cover your vision as you go berserk!
You feel yourself moving faster!
You feel mighty!
You hear the slow rusting of a drain very nearby.
The river rat closely misses you.
You closely miss the river rat.
The river rat is almost dead.
The river rat completely misses you.
You sock the river rat!
You kill the river rat!
Trog accepts your kill. The worm bites you!
* * * LOW HITPOINT WARNING * * *
You sock the worm!
The worm is heavily wounded.
The worm bites you but does no damage.
You sock the worm!
You kill the worm!
Trog accepts your kill.
You see here a worm corpse.
A river rat and 2 rats come into view.
You feel a strong urge to attack something.
You are no longer berserk.
You are exhausted.
You feel yourself slow down.
You see here a worm corpse.
The river rat attacks as you move away! The river rat bites you!
You die...

#...$.....## #..#.....#.
#.##.......## #.##...##.
#...........####.........
#......~....†.####.....##
#..~.~†~†~..#..##......##
##~~#~#~######....##.....
#~~~~~~~~~# ###..#...###
#########~# ##>..#.# #
#~~~@~~# #..#.#.# #
#~#r#### #..#.#.# # # #~~
#+##.#.# # #r## ###.# #
#~~ #.# # ##~ #.### r
#.#.# ~# #...# ###.#


You could see a river rat and a rat.

Vanquished Creatures
  Sigmund (D:2)
  A hound (D:4)
  An iguana (D:4)
  3 adders
  A river rat (D:3)
  2 dart slugs
  3 worms (D:3)
  3 ball pythons (D:1)
  2 bats
  3 endoplasms
  2 giant cockroaches
  3 goblins
  7 hobgoblins
  A quokka (D:2)
  5 kobolds
  8 rats
46 creatures vanquished.

Notes
Turn   | Place    | Note
-------+----------+-------------------------------------------
     0 | D:1      | KittyFluff the Gargoyle Berserker began the quest for the
                  | Orb.
     0 | D:1      | Reached XP level 1. HP: 14/14 MP: 1/1
    64 | D:1      | Reached XP level 2. HP: 7/19 MP: 2/2
  1077 | D:1      | Reached ** piety under Trog
  1236 | D:1      | Reached XP level 3. HP: 24/24 MP: 3/3
  1347 | D:1      | Found a faded altar of an unknown god.
  1565 | D:2      | Noticed Sigmund
  1575 | D:2      | Killed Sigmund
  1576 | D:2      | Reached XP level 4. HP: 29/29 MP: 4/4
  1576 | D:2      | Reached XP level 5. HP: 33/33 MP: 5/5
  1861 | D:2      | You fall into a shaft and drop 2 floors!
  1869 | D:4      | Found an opulent altar of Gozag.
  2215 | D:4      | Reached XP level 6. HP: 14/39 MP: 6/6
  2223 | D:4      | Found a staircase to the Ecumenical Temple.
  2441 | D:3      | Found an iron altar of Okawaru.
  2578 | D:3      | Reached skill level 1 in Stealth
  2633 | D:3      | Slain by a river rat

Illustrated notes

Levels and vault maps discovered:
D:1:      spicycebolla_arrival_transporter_tutorial, layout_basic,
          chequers_ecumenical_altar_twisty
D:2:      layout_basic, mrwooster_statue_mirror, minmay_tromino_i2, uniq_sigmund
D:3:      layout_basic, okawaru_gym_becter, gammafunk_temple_overflow_statue,
          lightli_sewer_entry_pipes, uniq_ijyb
D:4:      layout_cave_pools, mainiacjoe_overflow_boulevard, lemuel_tele_altar,
          grunt_temple_overflow_open, chequers_big_river, uniq_robin

Skill      XL: |  1  2  3  4  5  6 |
---------------+-------------------+-----
Dodging        | 2 |  2.6
Fighting       | 4 |  4.4
Maces & Flails | 4 |  4.9
Armour         | 3 |  3.5
Stealth        | 1 |  1.0
Staves         | |  0.8

Action                   |  1- 3 |  4- 6 || total
-------------------------+-------+-------++-------
Melee: Mace              |    73 |    23 ||    96
       Punch             |     1 |       ||     1
       Quarterstaff      |       |    56 ||    56
Invok: Berserk           |     1 |     2 ||     3
  Use: Scroll            |     1 |       ||     1
Armor: Animal skin       |    27 |    19 ||    46
Dodge: Dodged            |    60 |    51 ||   111
